 Dungeon Crawl Stone Soup version 0.18.1-8-gdd0e5ea (webtiles) character file.

4870 M4edhros the Unseen (level 10, -35/72 HPs)
             Began as an Octopode Artificer on June 7, 2016.
             Was a Follower of Fedhas.
             Killed by the air
             ... invoked by Gastronok
              (55 damage)
             ... on level 9 of the Dungeon.
             The game lasted 00:15:41 (9203 turns).

M4edhros the Unseen (Octopode Artificer)            Turns: 9203, Time: 00:15:42

Health: -35/72     AC:  2    Str:  9    XL:     10   Next: 50%
Magic:  11/12      EV: 16    Int: 16    God:    Fedhas [*.....]
Gold:   519        SH:  3    Dex: 16    Spells: 1 memorised, 6 levels left

rFire  . . .     SeeInvis .     y - +1 dagger (speed)
rCold  . . .     Gourm    .     (no shield)
rNeg   + . .     Faith    .     (helmet restricted)
rPois  +         Spirit   .     k - +3 amulet of reflection
rElec  .         Dismiss  .     t - ring of protection from magic
rCorr  .         Reflect  +     H - ring of positive energy
SustAt .         Harm     .     (no ring)
MR     ++...                    (no ring)
Stlth  ++++++++..               (no ring)
                                (no ring)
                                (no ring)
                                (no ring)

@: flying, very resistant to hostile enchantments, extraordinarily stealthy
A: almost no armour, amphibious, 8 rings, constrict 8, tentacle spike 1, icy
blue scales 1, camouflage 1, blurry vision 2, clever 1, magic resistance 1,
poison resistance, robust 1, weak 1, wild magic 1, gelatinous body 1
a: Evolution, Renounce Religion


You were on level 9 of the Dungeon.
You worshipped Fedhas.
Fedhas was aware of your devotion.
You were not hungry.

You visited 2 branches of the dungeon, and saw 10 of its levels.

You collected 519 gold pieces.

Inventory:

Hand Weapons
 a - a +0 short sword
 l - a +2 flail of protection
 y - a +1 dagger of speed (weapon)
 A - a +1 glaive of flaming
Jewellery
 k - a +3 amulet of reflection (around mantle)
 t - a ring of protection from magic (left tentacle)
 H - a ring of positive energy (right tentacle)
Wands
 b - a wand of flame (0/48)
 c - a wand of enslavement (5/24)
 d - a wand of random effects (21/48)
 s - a wand of acid (9/15)
 v - a wand of polymorph (3/24)
 w - a wand of polymorph (9/24)
 B - a wand of hasting (2/9)
 C - a wand of iceblast (3/15)
 G - a wand of teleportation (3/9)
 L - a wand of lightning (11/15)
Scrolls
 e - a scroll of noise {unknown}
 f - a scroll of silence {unknown}
 g - a scroll of immolation
 i - 2 scrolls of recharging
 j - 3 scrolls of teleportation {unknown}
 m - 3 scrolls of enchant armour
 n - a scroll of random uselessness
 p - 2 scrolls of remove curse
 q - a scroll of magic mapping {unknown}
 r - 2 scrolls of fog
 x - a scroll of identify
 K - a scroll of amnesia
Potions
 o - 4 potions of degeneration
 u - 2 potions of ambrosia
 z - 2 potions of brilliance
 E - a potion of agility
 I - a potion of cancellation {unknown}
Books
 J - a book of Conjurations

   Spells                             Type                      Level
   a - Magic Dart                     Conjuration                  1
   b - Searing Ray                    Conjuration                  2
   c - Dazzling Spray                 Conjuration/Hexes            3
   d - Fulminant Prism                Conjuration/Hexes            4
   e - Iskenderun's Mystic Blast      Conjuration                  4
   f - Iskenderun's Battlesphere      Conjuration/Charms           5
Comestibles
 D - a fruit


   Skills:
 - Level 5.4 Fighting
 - Level 1.0 Short Blades
 * Level 4.0 Polearms
 + Level 6.1 Dodging
 - Level 15.3 Stealth
 + Level 1.7 Conjurations
 + Level 1.6 Hexes
 * Level 2.6 Invocations
 - Level 3.2 Evocations


You had 6 spell levels left.
You knew the following spells:

 Your Spells              Type           Power        Failure   Level  Hunger
a - Dazzling Spray        Conj/Hex       #.......     47%         3    ####...


Dungeon Overview and Level Annotations

Branches:
Dungeon (9/15)             Temple (1/1) D:6            Lair (0/8) D:8
    Orc: D:9-12

Altars:
Ashenzari
Cheibriados
Dithmenos
Elyvilon
Fedhas
Gozag
Kikubaaqudgha
Makhleb
Nemelex Xobeh
Okawaru
Pakellas
Qazlal
Ru
Sif Muna
Trog
Vehumet
Xom
Yredelemnul
Zin
The Shining One

Annotations:
D:9 Gastronok


Innate Abilities, Weirdness & Mutations

You cannot wear most types of armour.
You are amphibious.
You can wear up to eight rings at the same time.
You can use your tentacles to constrict eight enemies at once.
Your skin changes colour to match your surroundings (Stealth).
Your rubbery body absorbs attacks (AC +1).
One of your tentacles bears a spike.
You are partially covered in icy blue scales (AC +1).
Scrolls take you longer to read.
Your mind is acute. (Int +2)
You are resistant to hostile enchantments.
Your system is resistant to poisons.
You are robust (+10% HP).
You are weak. (Str -2)
Your spells are a little harder to cast, but a little more powerful.


Message History

The wolf bites you.
* * * LOW HITPOINT WARNING * * *
Unknown command.
Drink which item? (? for menu, Esc to quit)
It was a potion of flight.
You feel very buoyant.
You fly up into the air.
You constrict the wolf.
You kill the wolf!
Your Polearms skill increases to level 4!
Evoke which item? (* to show all) (? for menu, Esc to quit)
Okay, then.
Read which item? (? for menu, Esc to quit)
Okay, then.
Read which item? (? for menu, Esc to quit)
Really read with blurry vision while enemies are nearby?
Gastronok waves his eye-stalks in wide circles.
The air twists around and violently strikes you in flight!
Ouch! That really hurt!
You die...
Fedhas appreciates your contribution to the ecosystem.

#......>## ..#...
#..[.....## #.#..!
#.........### #%#.#
#..........)##
#...#
#........##..###)w#
########.###.)).)#
#.# #.Pf..#
#..(..##..#
#..######@# ### #.#
#.# ###


You could see Gastronok and a friendly wandering mushroom.

Vanquished Creatures
  Pikel (D:6)
  Joseph (D:8)
  A wolf (D:9)
  A jumping spider (D:8)
  A crocodile (D:8)
  Grinder (D:3)
  A boulder beetle (D:8)
  A yak (D:8)
  A porcupine (D:8)
  A slave (D:6)
  An ice beast (D:5)
  2 sky beasts
  5 phantoms
  A centaur (D:5)
  An ogre (D:6)
  A big kobold (D:8)
  Blork the orc (D:5)
  2 giant frogs
  A scorpion (D:5)
  A howler monkey (D:5)
  2 crimson imps
  A centaur zombie (D:7)
  A hound (D:4)
  2 orc priests
  A giant frog skeleton (D:7)
  3 jellies
  6 worker ants
  Jessica (D:4)
  10 orc wizards
  A hound skeleton (D:8)
  Robin (D:2)
  9 adders
  3 shadow imps
  3 adder skeletons
  An adder zombie (D:6)
  A wandering mushroom (D:8)
  A worm (D:3)
  A giant gecko (D:2)
  18 orcs
  A ball python (D:4)
  4 giant cockroaches
  3 hobgoblins
  2 jackals (D:2)
  6 kobolds
  A quokka (D:2)
  11 bats
  7 giant newts
  24 goblins
  2 jackal skeletons
  8 rats
161 creatures vanquished.

Vanquished Creatures (collateral kills)
  The ghost of M4edhros the Covert, a novice OpAr of Fedhas (D:7)
  2 yaks (D:8)
  A steam dragon (D:8)
  Grum (D:9)
  A killer bee (D:6)
  An ogre (D:9)
  2 wolves (D:9)
  A wyvern skeleton (D:8)
  3 wights (D:7)
  A howler monkey (D:8)
  A giant cockroach (D:8)
  4 jackals (D:8)
19 creatures vanquished.

Vanquished Creatures (others)
  Psyche (D:8)
  A porcupine (D:8)
  A yak (D:8)
  A giant frog (D:6)
  A killer bee (D:6)
  3 gnolls (D:6)
  2 wandering mushrooms
  4 fungi (D:6)
  3 plants (D:6)
  50 toadstools
67 creatures vanquished.

Grand Total: 247 creatures vanquished

Notes
Turn   | Place    | Note
--------------------------------------------------------------
     0 | D:1      | M4edhros the Octopode Artificer began the quest for the Orb.
     0 | D:1      | Reached XP level 1. HP: 13/13 MP: 3/3
   127 | D:1      | Reached skill level 2 in Stealth
   212 | D:1      | Reached skill level 3 in Stealth
   212 | D:1      | Reached XP level 2. HP: 10/18 MP: 4/4
   483 | D:2      | Reached skill level 4 in Stealth
   483 | D:2      | Reached XP level 3. HP: 16/23 MP: 5/5
   859 | D:3      | Reached skill level 5 in Stealth
   893 | D:3      | Reached XP level 4. HP: 23/28 MP: 6/6
  1163 | D:4      | Reached skill level 6 in Stealth
  1266 | D:4      | Reached XP level 5. HP: 30/33 MP: 7/7
  1309 | D:4      | Reached skill level 7 in Stealth
  1443 | D:4      | Noticed a phantom
  1467 | D:4      | Killed a phantom
  1467 | D:4      | Reached skill level 8 in Stealth
  1467 | D:4      | Reached XP level 6. HP: 23/38 MP: 8/8
  1717 | D:4      | Noticed Jessica
  1723 | D:4      | Found a deep blue altar of Sif Muna.
  1724 | D:4      | Killed Jessica
  1730 | D:5      | Entered Level 5 of the Dungeon
  1730 | D:5      | Noticed Blork the orc
  1732 | D:5      | Killed Blork the orc
  1732 | D:5      | Reached skill level 9 in Stealth
  2190 | D:5      | Reached skill level 10 in Stealth
  2190 | D:5      | Reached XP level 7. HP: 43/43 MP: 9/9
  3326 | D:5      | Found a radiant altar of Vehumet.
  3334 | D:5      | Reached skill level 11 in Stealth
  3604 | D:5      | Gained mutation: You are robust (+10% HP). [mutagenic meat]
  3605 | D:5      | Gained mutation: You are weak. (Str -2) [mutagenic meat]
  3606 | D:5      | Gained mutation: Your system is resistant to poisons. [mutagenic meat]
  3607 | D:5      | Gained mutation: Your mind is acute. (Int +2) [mutagenic meat]
  3749 | D:6      | Noticed Pikel
  3754 | D:6      | Killed Pikel
  3754 | D:6      | Reached skill level 13 in Stealth
  3754 | D:6      | Reached XP level 8. HP: 52/52 MP: 10/10
  3843 | D:6      | Reached skill level 14 in Stealth
  4089 | D:6      | Found a blossoming altar of Fedhas.
  4237 | D:6      | Found a staircase to the Ecumenical Temple.
  4246 | Temple   | Entered the Ecumenical Temple
  4326 | Temple   | Became a worshipper of Xom of Chaos
  4337 | Temple   | Fell from the grace of Xom
  4337 | Temple   | Became a worshipper of Fedhas Madash
  4794 | D:2      | Found a burning altar of Makhleb.
  4886 | D:2      | Found a glowing silver altar of Zin.
  4887 | D:2      | Noticed a green death
  4887 | D:2      | Noticed an angel
  5032 | D:2      | Noticed Robin
  5044 | D:2      | XOM: summons 14 hostile demons
  5148 | D:2      | Killed Robin
  5150 | D:2      | Reached * piety under Fedhas
  5384 | D:3      | Noticed Grinder
  5389 | D:3      | Killed Grinder
  5389 | D:3      | Reached skill level 15 in Stealth
  5389 | D:3      | Reached XP level 9. HP: 58/58 MP: 11/11
  5554 | D:3      | XOM: give mutations
  5554 | D:3      | Gained mutation: You are partially covered in icy blue scales (AC +1). [Xom's mischief]
  5554 | D:3      | Gained mutation: You are resistant to hostile enchantments. [Xom's mischief]
  5981 | D:6      | XOM: vitrification
  6630 | D:7      | Noticed M4edhros's ghost (novice OpAr)
  6938 | D:8      | Gained mutation: Scrolls take you a little longer to read. [mutagenic meat]
  6939 | D:8      | Gained mutation: Your spells are a little harder to cast, but a little more powerful. [mutagenic meat]
  6941 | D:8      | Gained mutation: Scrolls take you longer to read. [mutagenic meat]
  6942 | D:8      | Gained mutation: One of your tentacles bears a spike. [mutagenic meat]
  6972 | D:8      | XOM: medium Hex miscast
  6982 | D:8      | Found a staircase to the Lair.
  6982 | D:8      | Noticed Psyche
  7016 | D:8      | Your ally died
  7202 | D:8      | Noticed a jumping spider
  7202 | D:8      | XOM: polymorph something unseen -> jumping spider
  7220 | D:8      | Killed a jumping spider
  7220 | D:8      | Reached skill level 5 in Dodging
  7459 | D:8      | Noticed Maurice
  7463 | D:8      | Noticed Maurice
  7469 | D:8      | Killed Maurice the big kobold
  7469 | D:8      | Reached skill level 5 in Fighting
  7489 | D:8      | XOM: noise
  7510 | D:8      | Reached ** piety under Fedhas
  7625 | D:8      | Noticed Joseph
  7651 | D:8      | Killed Joseph
  7651 | D:8      | Reached skill level 1 in Polearms
  7651 | D:8      | Reached XP level 10. HP: 50/72 MP: 12/12
  7901 | D:8      | XOM: mild Conj miscast
  8057 | D:8      | Noticed Erica
  8058 | D:8      | Noticed Erica
  8058 | D:8      | Erica changed into Erica the boulder beetle
  8262 | D:6      | Noticed an orb spider
  8262 | D:6      | a black bear changed into an orb spider
  8262 | D:6      | XOM: polymorph black bear -> orb spider
  8263 | D:6      | Noticed a black mamba
  8263 | D:6      | an orb spider changed into a black mamba
  8307 | D:7      | Found an iron altar of Okawaru.
  8425 | D:7      | Learned a level 3 spell: Dazzling Spray
  8561 | D:7      | Killed M4edhros's ghost
  8561 | D:7      | Reached skill level 1 in Invocations
  8595 | D:7      | Reached skill level 1 in Hexes
  9007 | D:8      | Killed Erica the boulder beetle
  9007 | D:8      | Reached skill level 1 in Conjurations
  9147 | D:9      | Noticed Grum
  9168 | D:9      | Killed Grum
  9186 | D:9      | Noticed Gastronok
  9203 | D:9      | Killed from afar by Gastronok

Skill      XL: |  1  2  3  4  5  6  7  8  9 10 |
---------------+-------------------------------+-----
Stealth        | 3 4 5 6 8 10 13 15 | 15.3
Fighting       | 5 |  5.4
Dodging        | 5 6 |  6.1
Polearms       | 1 4 |  4.0
Invocations    | 2 |  2.6
Hexes          | 1 |  1.6
Conjurations   | 1 |  1.7
Short Blades   | |  1.0
Evocations     | |  3.2

Action                   |  1- 3 |  4- 6 |  7- 9 | 10-12 || total
-------------------------+-------+-------+-------+-------++-------
Melee: Short sword       |    60 |    29 |       |       ||    89
       Constrict         |    15 |    11 |    34 |    12 ||    72
       Tentacles         |     7 |     9 |    42 |    26 ||    84
       Dagger            |       |    26 |   271 |   116 ||   413
       Glaive            |       |       |    14 |       ||    14
       Kick              |       |       |     8 |    39 ||    47
Invok: Evolution         |       |       |     2 |     3 ||     5
Evoke: Wand              |       |    10 |    24 |     8 ||    42
  Use: Scroll            |       |       |    17 |       ||    17
       Potion            |       |       |     9 |     2 ||    11
 Stab: Sleeping          |    10 |    12 |    37 |     5 ||    64
       Invisible         |       |       |     3 |       ||     3
       Confused          |       |       |     3 |     2 ||     5
       Distracted        |       |       |       |     1 ||     1
  Eat: Chunk             |       |     2 |    13 |     2 ||    17
       Bread ration      |       |       |     3 |       ||     3
       Meat ration       |       |       |     1 |       ||     1
       Pizza             |       |       |       |     1 ||     1
Armor: Skin              |    11 |     1 |    12 |     8 ||    32
Dodge: Dodged            |    39 |    19 |   156 |    50 ||   264
Block: Other             |       |       |    10 |     8 ||    18
       Reflection        |       |       |     1 |       ||     1
